TOP OF THE 1ST |
Tuscaloosa Trout Slayers batting - Pitching for Utica Unicorns : RHP Errol Murphy
|
Pitching: RHP Errol Murphy
|
|
Batting: LHB Manuel Ortega
|
0-0: Called Strike 0-1: Foul Ball, location: 2F 0-2: Foul Ball, location: 2F 0-2: Foul Ball, location: 2F 0-2: Ball 1-2: Foul Ball, location: 2F 1-2: Ball 2-2: Foul Ball, location: 2F 2-2: Foul Ball, location: 2F 2-2: Foul Ball, location: 2F 2-2: Foul Ball, location: 2F 2-2: Ball 3-2: Foul Ball, location: 2F 3-2: Ground out 6-3 (Groundball, 6)
|
Batting: LHB Ethan Shaw
|
0-0: Ball 1-0: Swinging Strike 1-1: Ground out 1-3 (Groundball, 13)
|
Batting: LHB Marcos Villarreal
|
0-0: SINGLE (Groundball, 4D)
|
Batting: SHB Glenn Vadnais
|
0-0: Foul Ball, location: 2F 0-1: Ball 1-1: Ball 2-1: Swinging Strike 2-2: Ground out U3 (Groundball, 23)
|
Top of the 1st over - 0 runs, 1 hit, 0 errors, 1 left on base; Tuscaloosa 0 - Utica 0 |
BOTTOM OF THE 1ST |
Utica Unicorns batting - Pitching for Tuscaloosa Trout Slayers : RHP Rodney Hall
|
Pitching: RHP Rodney Hall
|
|
Batting: RHB John Jones
|
0-0: Foul Ball, location: 2F 0-1: Ball 1-1: Ball 2-1: Ball 3-1: Foul Ball, location: 2F 3-2: Base on Balls
|
Batting: RHB Justin Geoghegan
|
0-0: Ball 1-0: Ball 2-0: Ball 3-0: Base on Balls John Jones to second
|
Batting: LHB Stan Hickman
|
0-0: Ball 1-0: Foul Ball, location: 2F 1-1: Ball 2-1: Ball 3-1: Foul Ball, location: 2F 3-2: Base on Balls John Jones to third Justin Geoghegan to second
|
Batting: LHB Pablo Reyes
|
0-0: Ball 1-0: Fly out, F8 (Flyball, 8LS) Runner from 3rd tags up, SCORES, no throw
|
Batting: LHB José Román
|
0-0: Fly out, F8 (Flyball, 8LS)
|
Batting: SHB Ralph Robison
|
0-0: SINGLE (Flyball, 78S) Justin Geoghegan to third Stan Hickman to second Runner from 3rd tries for Home, SAFE, throw made home
|
Batting: RHB Morgan Gibbon
|
0-0: Ball 1-0: Called Strike 1-1: Ground out 6-3 (Groundball, 6MS)
|
Bottom of the 1st over - 2 runs, 1 hit, 0 errors, 2 left on base; Tuscaloosa 0 - Utica 2 |
TOP OF THE 2ND |
Tuscaloosa Trout Slayers batting - Pitching for Utica Unicorns : RHP Errol Murphy
|
Batting: LHB Ed Hart
|
0-0: Ball 1-0: Foul Ball, location: 2F 1-1: Ball 2-1: Ball 3-1: Base on Balls
|
Batting: RHB Augusto Baca
|
0-0: Ball 1-0: Fly out, F9 (Flyball, 9LS)
|
Now in RF: Pablo Díaz
|
|
Batting: SHB António Ramírez
|
0-0: Ball 1-0: Called Strike 1-1: Fielders Choice at 2nd, 4-6 (Groundball, 34)
|
Batting: RHB Juan Reyes
|
0-0: Ball 1-0: Foul Ball, location: 2F 1-1: Ball 2-1: SINGLE (Groundball, 34D) António Ramírez to second Runner from 2nd tries for 3rd, OUT!
|
Top of the 2nd over - 0 runs, 1 hit, 0 errors, 1 left on base; Tuscaloosa 0 - Utica 2 |
BOTTOM OF THE 2ND |
Utica Unicorns batting - Pitching for Tuscaloosa Trout Slayers : RHP Rodney Hall
|
Batting: RHB Juan Caceres
|
0-0: Called Strike 0-1: Foul Ball, location: 2F 0-2: Foul Ball, location: 2F 0-2: Strikes out looking
|
Batting: RHB Pablo Díaz
|
0-0: Ball 1-0: Called Strike 1-1: Called Strike 1-2: Fly out, F4 (Popup, 34D)
|
Batting: RHB John Jones
|
0-0: Ball 1-0: Called Strike 1-1: Foul Ball, location: 2F 1-2: Foul Ball, location: 2F 1-2: Ball 2-2: Fly out, F9 (Line Drive, 9)
|
Bottom of the 2nd over - 0 runs, 0 hits, 0 errors, 0 left on base; Tuscaloosa 0 - Utica 2 |
TOP OF THE 3RD |
Tuscaloosa Trout Slayers batting - Pitching for Utica Unicorns : RHP Errol Murphy
|
Batting: RHB Greg Lee
|
0-0: Foul Ball, location: 2F 0-1: Ground out 6-3 (Groundball, 6)
|
Batting: LHB Manuel Ortega
|
0-0: Ball 1-0: Ball 2-0: Ball 3-0: Base on Balls
|
Batting: LHB Ethan Shaw
|
0-0: Ball Manuel Ortega is caught stealing 2nd base 1-0: Ball 2-0: Ball 3-0: Called Strike 3-1: Foul Ball, location: 2F 3-2: SINGLE (Line Drive, 3S)
|
Batting: LHB Marcos Villarreal
|
0-0: Ball 1-0: Swinging Strike 1-1: Ball 2-1: Ground out 4-3 (Groundball, 34)
|
Top of the 3rd over - 0 runs, 1 hit, 0 errors, 1 left on base; Tuscaloosa 0 - Utica 2 |
BOTTOM OF THE 3RD |
Utica Unicorns batting - Pitching for Tuscaloosa Trout Slayers : RHP Rodney Hall
|
Batting: RHB Justin Geoghegan
|
0-0: Swinging Strike 0-1: Ball 1-1: Called Strike 1-2: Strikes out looking
|
Batting: LHB Stan Hickman
|
0-0: Ball 1-0: Foul Ball, location: 2F 1-1: Called Strike 1-2: Ball 2-2: DOUBLE (Line Drive, 78D)
|
Batting: LHB Pablo Reyes
|
0-0: Foul Ball, location: 2F 0-1: Fly out, F6 (Line Drive, 6)
|
Batting: LHB José Román
|
0-0: Ball 1-0: Ball 2-0: Ball 3-0: Base on Balls
|
Batting: SHB Ralph Robison
|
0-0: Fly out, F9 (Flyball, 9LSF)
|
Bottom of the 3rd over - 0 runs, 1 hit, 0 errors, 2 left on base; Tuscaloosa 0 - Utica 2 |
TOP OF THE 4TH |
Tuscaloosa Trout Slayers batting - Pitching for Utica Unicorns : RHP Errol Murphy
|
Batting: SHB Glenn Vadnais
|
0-0: Called Strike 0-1: Ball 1-1: Called Strike 1-2: Ground out U3 (Groundball, 3L)
|
Batting: LHB Ed Hart
|
0-0: Swinging Strike 0-1: Called Strike 0-2: Foul Ball, location: 2F 0-2: Strikes out swinging
|
Batting: RHB Augusto Baca
|
0-0: Swinging Strike 0-1: Foul Ball, location: 2F 0-2: Foul Ball, location: 2F 0-2: Foul Ball, location: 2F 0-2: Ground out 6-3 (Groundball, 6)
|
Top of the 4th over - 0 runs, 0 hits, 0 errors, 0 left on base; Tuscaloosa 0 - Utica 2 |
BOTTOM OF THE 4TH |
Utica Unicorns batting - Pitching for Tuscaloosa Trout Slayers : RHP Rodney Hall
|
Batting: RHB Morgan Gibbon
|
0-0: Ball 1-0: Ground out U3 (Groundball, 34)
|
Batting: RHB Juan Caceres
|
0-0: Ball 1-0: Foul Ball, location: 2F 1-1: SINGLE (Flyball, 9LS)
|
Batting: RHB Pablo Díaz
|
0-0: Ball 1-0: Called Strike 1-1: Ball 2-1: Ball 3-1: SINGLE (Flyball, 9LM) Juan Caceres to second Runner from 2nd tries for 3rd, SAFE, no throw
|
Batting: RHB John Jones
|
0-0: SINGLE (Flyball, 9LS) Juan Caceres scores Pablo Díaz to second Runner from 2nd tries for 3rd, SAFE, no throw
|
Batting: RHB Justin Geoghegan
|
0-0: Ball 1-0: Swinging Strike 1-1: Foul Ball, location: 2F 1-2: Ball 2-2: Ball 3-2: Grounds into double play, 6-4-3 (Groundball, 6)
|
Bottom of the 4th over - 1 run, 3 hits, 0 errors, 1 left on base; Tuscaloosa 0 - Utica 3 |
TOP OF THE 5TH |
Tuscaloosa Trout Slayers batting - Pitching for Utica Unicorns : RHP Errol Murphy
|
Batting: SHB António Ramírez
|
0-0: Called Strike 0-1: Ground out U3 (Groundball, 23)
|
Batting: RHB Juan Reyes
|
0-0: Called Strike 0-1: Ground out 6-3 (Groundball, 6)
|
Batting: RHB Greg Lee
|
0-0: Foul Ball, location: 2F 0-1: Foul Ball, location: 2F 0-2: Ball 1-2: Ball 2-2: Foul Ball, location: 2F 2-2: SINGLE (Groundball, 6MD)
|
Batting: LHB Manuel Ortega
|
0-0: Called Strike 0-1: Ball 1-1: Fly out, F9 (Flyball, 9D)
|
Top of the 5th over - 0 runs, 1 hit, 0 errors, 1 left on base; Tuscaloosa 0 - Utica 3 |
BOTTOM OF THE 5TH |
Utica Unicorns batting - Pitching for Tuscaloosa Trout Slayers : RHP Rodney Hall
|
Batting: LHB Stan Hickman
|
0-0: Ball 1-0: Ball 2-0: Ball 3-0: Called Strike 3-1: Base on Balls
|
Batting: LHB Pablo Reyes
|
0-0: Ball 1-0: Ball 2-0: Ball 3-0: Swinging Strike 3-1: Foul Ball, location: 2F 3-2: Strikes out looking
|
Batting: LHB José Román
|
0-0: Foul Ball, location: 2F 0-1: Grounds into double play, 6-4-3 (Groundball, 6M)
|
Bottom of the 5th over - 0 runs, 0 hits, 0 errors, 0 left on base; Tuscaloosa 0 - Utica 3 |
TOP OF THE 6TH |
Tuscaloosa Trout Slayers batting - Pitching for Utica Unicorns : RHP Errol Murphy
|
Batting: LHB Ethan Shaw
|
0-0: Ground out 4-3 (Groundball, 4)
|
Batting: LHB Marcos Villarreal
|
0-0: Called Strike 0-1: Called Strike 0-2: Ball 1-2: Foul Ball, location: 2F 1-2: Strikes out looking
|
Batting: SHB Glenn Vadnais
|
0-0: Ball 1-0: Called Strike 1-1: Called Strike 1-2: Fly out, F9 (Line Drive, 89XD)
|
Top of the 6th over - 0 runs, 0 hits, 0 errors, 0 left on base; Tuscaloosa 0 - Utica 3 |
BOTTOM OF THE 6TH |
Utica Unicorns batting - Pitching for Tuscaloosa Trout Slayers : RHP Rodney Hall
|
Batting: SHB Ralph Robison
|
0-0: SINGLE (Groundball, 4MD)
|
Batting: RHB Morgan Gibbon
|
0-0: Foul Ball, location: 2F 0-1: Ball 1-1: Swinging Strike 1-2: Ball 2-2: Foul Ball, location: 2F 2-2: Foul Ball, location: 2F 2-2: Foul Ball, location: 2F 2-2: Grounds into double play, 4-6-3 (Groundball, 4)
|
Batting: RHB Juan Caceres
|
0-0: Called Strike 0-1: Foul Ball, location: 2F 0-2: DOUBLE (Line Drive, 78D)
|
Batting: RHB Pablo Díaz
|
0-0: Ball 1-0: Foul Ball, location: 2F 1-1: Ball 2-1: Ball 3-1: SINGLE (Line Drive, 6MD) Juan Caceres to third
|
Pitching: RHP Yodo Nakagawa
|
|
Batting: RHB John Jones
|
0-0: Ball 1-0: Ball 2-0: Fly out, F3 (Popup, 34)
|
Bottom of the 6th over - 0 runs, 3 hits, 0 errors, 2 left on base; Tuscaloosa 0 - Utica 3 |
TOP OF THE 7TH |
Tuscaloosa Trout Slayers batting - Pitching for Utica Unicorns : RHP Errol Murphy
|
Batting: LHB Ed Hart
|
0-0: Fly out, F8 (Flyball, 8RD)
|
Batting: RHB Augusto Baca
|
0-0: Called Strike 0-1: Ball 1-1: Ball 2-1: DOUBLE (Flyball, 8LXD)
|
Batting: SHB António Ramírez
|
0-0: Called Strike 0-1: Ball 1-1: Ball 2-1: Fly out, F9 (Flyball, 89S)
|
Batting: RHB Juan Reyes
|
0-0: Swinging Strike 0-1: Ball 1-1: Ball 2-1: Ball 3-1: Swinging Strike 3-2: Fly out, F9 (Flyball, 9LMF)
|
Top of the 7th over - 0 runs, 1 hit, 0 errors, 1 left on base; Tuscaloosa 0 - Utica 3 |
BOTTOM OF THE 7TH |
Utica Unicorns batting - Pitching for Tuscaloosa Trout Slayers : RHP Yodo Nakagawa
|
Batting: RHB Justin Geoghegan
|
0-0: Called Strike 0-1: Foul Ball, location: 2F 0-2: Ball 1-2: Ball 2-2: Ball 3-2: Ground out 6-3 (Groundball, 6)
|
Batting: LHB Stan Hickman
|
0-0: Ball 1-0: Called Strike 1-1: Called Strike 1-2: DOUBLE (Line Drive, 7LS)
|
Pitching: LHP Kelly Henry
|
|
Batting: LHB Pablo Reyes
|
0-0: Ground out 5-3 (Groundball, 5)
|
Batting: LHB José Román
|
0-0: Foul Ball, location: 2F 0-1: Ball 1-1: Swinging Strike 1-2: DOUBLE (Flyball, 8LXD) Stan Hickman scores
|
Pitching: RHP Rafael Ramírez
|
|
Batting: SHB Ralph Robison
|
0-0: Called Strike 0-1: Ball 1-1: Ball 2-1: Foul Ball, location: 2F 2-2: Ball 3-2: Strikes out looking
|
Bottom of the 7th over - 1 run, 2 hits, 0 errors, 1 left on base; Tuscaloosa 0 - Utica 4 |
TOP OF THE 8TH |
Tuscaloosa Trout Slayers batting - Pitching for Utica Unicorns : RHP Errol Murphy
|
Batting: RHB Greg Lee
|
0-0: Fly out, F4 (Popup, 4)
|
Batting: LHB Manuel Ortega
|
0-0: Called Strike 0-1: Ball 1-1: Ball 2-1: Foul Ball, location: 2F 2-2: Foul Ball, location: 2F 2-2: Foul Ball, location: 2F 2-2: Ball 3-2: Foul Ball, location: 2F 3-2: Reached via error on a dropped throw, E1
|
Pitching: RHP Tim Hill
|
|
Batting: LHB Ethan Shaw
|
0-0: Called Strike 0-1: Hit by Pitch Manuel Ortega to second
|
Pitching: LHP Pancho Guerrero
|
|
Batting: LHB Marcos Villarreal
|
Pickoff Throw to Second - Error! E1 Manuel Ortega to third Ethan Shaw to second 0-0: Ball 1-0: Ball 2-0: Foul Ball, location: 2F 2-1: Fly out, F9 (Flyball, 89M) Runner from 3rd tags up, SCORES, no throw
|
Batting: SHB Glenn Vadnais
|
0-0: Called Strike 0-1: Ball 1-1: Ball 2-1: Ball 3-1: Foul Ball, location: 2F 3-2: Foul Ball, location: 2F 3-2: Foul Ball, location: 2F 3-2: Base on Balls
|
Batting: LHB Ed Hart
|
0-0: Ball Passed Ball! Ethan Shaw to third Glenn Vadnais to second 1-0: Called Strike 1-1: Ball 2-1: Ball 3-1: Base on Balls
|
Pitching: RHP Robert Martin
|
|
Batting: RHB Augusto Baca
|
0-0: SINGLE (Line Drive, 6D) Ethan Shaw scores Glenn Vadnais to third Ed Hart to second
|
Pitching: RHP Paul Turberville
|
|
Batting: SHB António Ramírez
|
0-0: Foul Ball, location: 2F 0-1: Foul Ball, location: 2F 0-2: Foul Ball, location: 2F 0-2: Strikes out swinging
|
Top of the 8th over - 2 runs, 1 hit, 2 errors, 3 left on base; Tuscaloosa 2 - Utica 4 |
BOTTOM OF THE 8TH |
Utica Unicorns batting - Pitching for Tuscaloosa Trout Slayers : RHP Rafael Ramírez
|
Batting: RHB Morgan Gibbon
|
0-0: Foul Ball, location: 2F 0-1: Swinging Strike 0-2: Foul Ball, location: 2F 0-2: Ball 1-2: Foul Ball, location: 2F 1-2: Foul Ball, location: 2F 1-2: Strikes out looking
|
Batting: RHB Juan Caceres
|
0-0: Foul Ball, location: 2F 0-1: Fly out, F8 (Flyball, 8RS)
|
Now in CF: Tony Quinn
|
|
Batting: RHB Pablo Díaz
|
0-0: Foul Ball, location: 2F 0-1: SOLO HOME RUN (Flyball, 7D), Distance : 377 ft
|
Batting: RHB John Jones
|
0-0: Ball 1-0: Ball 2-0: Called Strike 2-1: Called Strike 2-2: Strikes out swinging
|
Bottom of the 8th over - 1 run, 1 hit, 0 errors, 0 left on base; Tuscaloosa 2 - Utica 5 |
TOP OF THE 9TH |
Tuscaloosa Trout Slayers batting - Pitching for Utica Unicorns : RHP Paul Turberville
|
Pitching: RHP Robinson Ramírez
|
|
Batting: RHB Juan Reyes
|
0-0: Ball 1-0: Ball 2-0: Ball 3-0: Called Strike 3-1: Ground out U3 (Groundball, 34)
|
Batting: RHB Greg Lee
|
0-0: Ball 1-0: Fly out, F3 (Flyball, 34D)
|
Batting: RHB Tony Quinn
|
0-0: Swinging Strike 0-1: Foul Ball, location: 2F 0-2: Ground out 6-3 (Groundball, 6)
|
Top of the 9th over - 0 runs, 0 hits, 0 errors, 0 left on base; Tuscaloosa 2 - Utica 5 |
|